 Dungeon Crawl Stone Soup version 0.23.1-37-gaa34b87 (webtiles) character file.

Game seed: 8333727614563438230

420 Fang the Skirmisher (level 6, -6/60 HPs)
             Began as a Gargoyle Berserker on Mar 21, 2019.
             Was a Believer of Trog.
             Mangled by an ogre
             ... wielding a +0 giant spiked club
              (23 damage)
             ... on level 5 of the Dungeon.
             The game lasted 00:05:37 (4371 turns).

Fang the Skirmisher (Gargoyle Berserker)            Turns: 4371, Time: 00:05:38

Health: -6/60      AC: 16    Str: 32    XL:     6   Next: 94%
Magic:  6/6        EV: 10    Int:  8    God:    Trog [**....]
Gold:   161        SH:  5    Dex:  9    Spells: 5/5 levels left

rFire    . . .     SeeInvis .   a - +0 hand axe
rCold    . . .     Gourm    .   (no shield)
rNeg     + . .     Faith    .   v - +0 chain mail
rPois    ∞         Spirit   .   (no helmet)
rElec    +         Reflect  +   (no cloak)
rCorr    .         Harm     .   f - +1 pair of gloves
MR       .....                  (no boots)
Stlth    ..........             x - +5 amulet of reflection
HPRegen  0.20/turn              y - +5 ring of strength
MPRegen  0.10/turn              (no ring)

@: berserking, starving, very quick
A: negative energy resistance 1, electricity resistance, unbreathing,
petrification resistance, rot immunity, AC +4
a: Berserk, Trog's Hand, Renounce Religion


You were on level 5 of the Dungeon.
You worshipped Trog.
Trog was pleased with you.
You were starving.

You visited 1 branch of the dungeon, and saw 5 of its levels.

You collected 161 gold pieces.

Inventory:

Hand Weapons
 a - a +0 hand axe (weapon)
Armour
 f - a +1 pair of gloves (worn)
 v - a +0 chain mail (worn)
Jewellery
 x - a +5 amulet of reflection (around neck)
 y - a +5 ring of strength (left hand)
Scrolls
 b - a scroll of blinking {unknown}
 d - 8 scrolls of identify {unknown}
 g - 3 scrolls of remove curse {unknown}
 j - a scroll of noise {unknown}
 k - 3 scrolls of enchant armour {unknown}
 n - a scroll of random uselessness {unknown}
 o - a scroll of fear {unknown}
 p - 3 scrolls of amnesia {unknown}
 r - a scroll of magic mapping {unknown}
 s - a scroll of enchant weapon {unknown}
 w - a scroll of fog {unknown}
 A - a scroll of immolation {unknown}
 B - 3 scrolls of teleportation {unknown}
Potions
 e - 3 potions of might {unknown}
 h - 2 potions of flight {unknown}
 i - a potion of ambrosia {unknown}
 l - a potion of invisibility {unknown}
 m - a potion of brilliance {unknown}
 q - a potion of curing {unknown}
 t - a potion of cancellation {unknown}
 z - a potion of agility {unknown}
 C - a potion of heal wounds {unknown}
Comestibles
 c - 6 rations


   Skills:
 + Level 5.0 Fighting
 + Level 4.1 Axes
 + Level 4.3 Armour
 + Level 3.2 Dodging


You had 5 spell levels left.
You didn't know any spells.
Your spell library was empty.

Dungeon Overview and Level Annotations

Branches:
Dungeon (5/15)
 Temple: D:4-7

Altars:
Dithmenos
Fedhas
Ru
The Shining One

Shops:
D:5 !


Innate Abilities, Weirdness & Mutations

You are resistant to torment.
Your stone body is resilient. (AC +4)
You are immune to poison.
You resist negative energy. (rN+)
You are resistant to electric shocks. (rElec)
You can survive without breathing.
You are immune to petrification.
You are immune to rotting.


Message History

You are too injured to fight recklessly!
You are too injured to fight recklessly!
You are too injured to fight recklessly!
You are too injured to fight recklessly!
You are too injured to fight recklessly!
You are too injured to fight recklessly!
You are too injured to fight recklessly!
You are too injured to fight recklessly!
You are too injured to fight recklessly!
A red film seems to cover your vision as you go berserk!
You feel yourself moving faster!
You feel mighty!
You are starving!
The howler monkey hits you but does no damage.
The hound zombie closely misses you.
The howler monkey hits you but does no damage.
You slash the ogre!
The ogre is heavily wounded.
You slash the howler monkey! You slash the hound zombie!
The ogre hits you with a +0 giant spiked club!!
You die...

..# # .. .# .. ###.
####+#. #.. ....... #.#
# .......##.#.#
...∩/.h...#.#
.....sO@....#
......Z#..###
.......#..# .......#..#
##### .......#..# ....
.......#..#######.#####
.
.......#........#.....#
.
.:.....##.#####.#.###.#
#. #....# #...# #.#


You could see an ogre, a scorpion, a howler monkey and a hound zombie.

Vanquished Creatures
  An ogre (D:5)
  An orc priest (D:3)
  2 worker ants (D:4)
  4 gnolls (D:3)
  10 adders
  An ooze (D:2)
  5 worms
  A dart slug (D:2)
  5 leopard geckos
  9 orcs
  6 bats
  7 giant cockroaches
  8 goblins
  6 hobgoblins
  7 jackals
  9 kobolds
  2 quokkas
  4 frilled lizards
  A jackal skeleton (D:4)
  7 rats
96 creatures vanquished.

Notes
Turn   | Place    | Note
-------+----------+-------------------------------------------
     0 | D:1      | Fang the Gargoyle Berserker began the quest for the Orb.
     0 | D:1      | Reached XP level 1. HP: 14/14 MP: 1/1
   422 | D:1      | Reached XP level 2. HP: 8/19 MP: 2/2
  1223 | D:2      | Reached XP level 3. HP: 20/23 MP: 3/3
  1561 | D:2      | Reached XP level 4. HP: 22/29 MP: 4/4
  1699 | D:2      | Reached ** piety under Trog
  1705 | D:2      | Reached skill level 4 in Fighting
  2484 | D:3      | Reached XP level 5. HP: 29/33 MP: 5/5
  3018 | D:3      | Reached XP level 6. HP: 36/39 MP: 6/6
  3486 | D:3      | Found a blossoming altar of Fedhas.
  3501 | D:3      | Found a sacrificial altar of Ru.
  3547 | D:3      | Found a glowing golden altar of the Shining One.
  3554 | D:3      | Found a shadowy altar of Dithmenos.
  4167 | D:5      | Entered Level 5 of the Dungeon
  4265 | D:5      | Reached skill level 5 in Fighting
  4363 | D:5      | Found Satuforch's Distillery.
  4371 | D:5      | Mangled by an ogre

Skill      XL: |  1  2  3  4  5  6 |
---------------+-------------------+-----
Axes           | 3 4 |  4.1
Dodging        | 2 3 |  3.2
Armour         | 3 4 |  4.3
Fighting       | 4 5 |  5.0

Action                   |  1- 3 |  4- 6 || total
-------------------------+-------+-------++-------
Melee: Hand axe          |   142 |   288 ||   430
Invok: Berserk           |       |     3 ||     3
  Eat: Chunk             |     2 |    10 ||    12
Armor: Animal skin       |    64 |    48 ||   112
       Chain mail        |       |   100 ||   100
Dodge: Dodged            |    94 |   144 ||   238
Block: Other             |       |    23 ||    23
